 Dungeon Crawl Stone Soup version 0.26.1-11-gd32895ea62 (webtiles) character file.

Game seed: 11007433378217538320

10038 Almogavar the Cleaver (level 11, 0/97 HPs)
             Began as a Hill Orc Fighter on Apr 23, 2021.
             Was a High Priest of Okawaru.
             Slain by an orc knight
             ... wielding a +0 great mace
              (11 damage)
             ... on level 1 of the Orcish Mines.
             The game lasted 00:24:44 (10532 turns).

Almogavar the Cleaver (Hill Orc Fighter)           Turns: 10532, Time: 00:24:44

Health: 0/97       AC: 18    Str: 23    XL:     11   Next: 55%
Magic:  10/12      EV: 11    Int:  8    God:    Okawaru [*****.]
Gold:   896        SH: 13    Dex: 10    Spells: 10/10 levels left

rFire    . . .     SeeInvis .   a - +4 war axe (freeze) (curse)
rCold    . . .     Faith    .   c - +0 kite shield
rNeg     . . .     Spirit   .   R - +1 chain mail {rPois}
rPois    +         Reflect  .   J - +0 helmet
rElec    .         Harm     .   G - +0 cloak
rCorr    +         Rampage  .   M - +0 pair of gloves
Will     +....                  (no boots)
Stlth    ..........             A - amulet of regeneration
HPRegen  0.66/turn              E - ring of willpower
MPRegen  0.13/turn              j - ring of resist corrosion

@: heroism
A: no striking features
a: Renounce Religion, Heroism, Finesse


You were on level 1 of the Orcish Mines.
You worshipped Okawaru.
Okawaru was extremely pleased with you.
You visited 2 branches of the dungeon, and saw 11 of its levels.
You also visited: Bailey.

You collected 896 gold pieces.

Inventory:

Hand Weapons
 a - a cursed +4 war axe of freezing (weapon)
 l - a +1 whip of venom
 m - a +0 broad axe of flaming
Missiles
 g - 102 bolts
 o - 74 boomerangs (quivered)
 y - 53 poisoned darts
 L - 8 javelins
Armour
 c - a +0 kite shield (worn)
 G - a +0 cloak (worn)
 J - a +0 helmet (worn)
 M - a +0 pair of gloves (worn)
 P - a +0 plate armour
 R - a +1 chain mail of poison resistance (worn)
Jewellery
 j - a ring of resist corrosion (right hand)
 A - an amulet of regeneration (around neck)
 E - a ring of willpower (left hand)
Wands
 i - a wand of iceblast (8)
 w - a wand of random effects (35)
 z - a wand of acid (8)
 B - a wand of polymorph (8)
 F - a wand of flame (38)
 K - a wand of paralysis (6)
Scrolls
 b - 5 scrolls of enchant armour
 k - 7 scrolls of amnesia
 n - a scroll of vulnerability {unknown}
 q - a scroll of magic mapping
 r - 6 scrolls of remove curse
 t - 9 scrolls of teleportation
 x - a scroll of blinking
 N - a scroll of random uselessness {unknown}
Potions
 d - 2 potions of might
 e - a potion of flight
 f - 2 potions of brilliance {unknown}
 h - a potion of haste
 p - 8 potions of curing
 s - 3 potions of invisibility {unknown}
 u - 2 potions of attraction {unknown}
 v - 8 potions of heal wounds {unknown}
 C - a potion of degeneration {unknown}
 D - 2 potions of cancellation {unknown}
 I - a potion of ambrosia {unknown}
 Q - a potion of lignification {unknown}


   Skills:
 + Level 9.0(14.0) Fighting
 - Level 14.0(19.0) Axes
 + Level 4.0(9.0) Throwing
 + Level 8.6(13.6) Armour
 + Level 2.4(7.4) Dodging
 + Level 9.3(14.3) Shields
 + Level 2.1 Invocations


You had 10 spell levels left.
You didn't know any spells.
Your spell library contained the following spells:

 Spells                   Type           Power        Failure   Level
 Freeze                   Ice            0%           92%         1
 Magic Dart               Conj           0%           92%         1
 Searing Ray              Conj           0%           98%         2
 Dazzling Flash           Conj/Hex       0%           100%        3
 Frozen Ramparts          Ice            0%           100%        3
 Ozocubu's Armour         Ice            0%           100%        3
 Fulminant Prism          Conj/Hex       0%           100%        4
 Hailstorm                Conj/Ice       0%           100%        4
 Iskenderun's Mystic Bla  Conj/Tloc      0%           100%        4
 Summon Ice Beast         Ice/Summ       0%           100%        4


Dungeon Overview and Level Annotations

Branches:
Dungeon (10/15)            Temple (0/1) D:6             Orc (1/2) D:9
 Bailey (visited)
   Lair: D:8-11

Altars:
Fedhas
Makhleb
Okawaru
Xom

Annotations:
D:4 OdinFK's ghost, amateur OpWz


Message History

You hit the orc knight. You freeze the orc knight.
The orc knight is severely wounded.
You slash the orc! You freeze the orc.
You kill the orc!
Okawaru accepts your kill.
You slice the orc warrior!! You freeze the orc warrior.
You kill the orc warrior!
Okawaru accepts your kill.
Your base Throwing skill increases to level 4!
You hit the orc knight but do no damage.
The orc knight is severely wounded.
You block the orc knight's attack.
Unknown command.
You barely miss the orc knight.
The orc knight is severely wounded.
Unknown command.
You slash the orc knight! You freeze the orc knight.
The orc knight is almost dead.
The orc knight hits you with a +0 great mace!
You die...

.# ... .##..
#...# ...## .
# #...# #..
##.##...##....
#.....)o......
#.@[..)...
####....#.
...# ...# ..#
.. .


You could see an orc knight.

Vanquished Creatures
  A two-headed ogre (D:9)
  Psyche (D:7)
  A troll (D:10)
  Sigmund (D:5)
  14 yaks
  6 humans (D:7)
  Menkaure (D:7)
  13 orc warriors
  3 ice beasts
  3 sky beasts
  A black bear (D:7)
  5 ogres
  4 centaurs
  7 bullfrogs
  4 scorpions
  19 killer bees
  10 wights
  The ghost of mandor the Chiller, a weakling DsIE (D:3)
  4 orc priests
  3 hounds
  11 orc wizards
  An iguana (D:4)
  4 bullfrog skeletons
  Ijyb (D:4)
  Terence (D:2)
  3 worker ants
  A mummy (D:4)
  A hound zombie (D:6)
  A hound skeleton (D:3)
  2 worker ant zombies
  12 gnolls
  A howler monkey skeleton (D:7)
  7 adders
  3 shadow imps
  3 white imps
  3 ufetubi
  An adder zombie (D:3)
  2 adder skeletons
  4 worms
  2 dart slugs
  5 leopard geckos
  37 orcs
  7 bats
  7 giant cockroaches
  16 goblins
  18 hobgoblins
  15 jackals
  2 quokkas
  A ball python (D:1)
  A ball python zombie (D:5)
  5 frilled lizards
  A jackal zombie (D:4)
  28 kobolds
  A leopard gecko skeleton (D:4)
  A rat (D:3)
311 creatures vanquished.

Notes
Turn   | Place    | Note
-------+----------+-------------------------------------------
     0 | D:1      | Almogavar the Hill Orc Fighter began the quest for the Orb.
     0 | D:1      | Reached XP level 1. HP: 19/19 MP: 1/1
   232 | D:1      | Reached XP level 2. HP: 27/27 MP: 2/2
   524 | D:1      | Reached XP level 3. HP: 33/33 MP: 3/3
   527 | D:1      | Reached skill level 3 in Axes
  1271 | D:2      | Noticed Terence
  1277 | D:2      | Killed Terence
  1278 | D:2      | Reached skill level 4 in Axes
  1278 | D:2      | Reached XP level 4. HP: 40/41 MP: 4/4
  2133 | D:3      | Reached XP level 5. HP: 45/47 MP: 5/5
  2320 | D:3      | Found a burning altar of Makhleb.
  2320 | D:3      | Found a blossoming altar of Fedhas.
  2363 | D:3      | Found a transporter.
  2711 | D:3      | Found a transporter.
  2713 | D:3      | Noticed mandor's ghost (weakling DsIE)
  2874 | D:3      | Reached skill level 5 in Axes
  2881 | D:3      | Reached XP level 6. HP: 33/53 MP: 6/6
  2882 | D:3      | Killed mandor's ghost
  3007 | D:3      | Reached skill level 6 in Axes
  3207 | D:4      | Found a transporter.
  3269 | D:4      | Found a shimmering altar of Xom.
  3282 | D:4      | Found a transporter.
  3382 | D:4      | Noticed Ijyb
  3391 | D:4      | Killed Ijyb
  3392 | D:4      | Reached skill level 7 in Axes
  3392 | D:4      | Reached XP level 7. HP: 36/60 MP: 7/7
  3979 | D:4      | Noticed OdinFK's ghost (amateur OpWz)
  4067 | D:5      | Entered Level 5 of the Dungeon
  4078 | D:5      | Reached skill level 5 in Fighting
  4079 | D:5      | Reached skill level 5 in Shields
  4290 | D:5      | Reached skill level 8 in Axes
  4603 | D:5      | Found an iron altar of Okawaru.
  4610 | D:5      | Became a worshipper of Warmaster Okawaru
  4675 | D:5      | Noticed Sigmund
  4691 | D:5      | Killed Sigmund
  4692 | D:5      | Reached skill level 9 in Axes
  4692 | D:5      | Reached skill level 5 in Armour
  4692 | D:5      | Reached XP level 8. HP: 57/68 MP: 8/8
  5289 | D:6      | Reached * piety under Okawaru
  5301 | D:6      | Reached skill level 1 in Dodging
  5420 | D:6      | Reached skill level 10 in Axes
  5477 | D:6      | Found a staircase to the Ecumenical Temple.
  5528 | D:6      | Reached ** piety under Okawaru
  5820 | D:6      | Reached XP level 9. HP: 75/75 MP: 9/9
  6385 | D:7      | Reached skill level 11 in Axes
  6510 | D:7      | Reached *** piety under Okawaru
  6547 | D:7      | Noticed Psyche
  6627 | D:7      | Reached skill level 12 in Axes
  6638 | D:7      | Reached **** piety under Okawaru
  6847 | D:7      | Reached XP level 10. HP: 86/86 MP: 10/10
  6855 | D:7      | Killed Psyche
  6871 | D:7      | Reached skill level 1 in Throwing
  7156 | D:7      | Noticed Menkaure
  7158 | D:7      | Killed Menkaure
  7159 | D:7      | Reached skill level 13 in Axes
  7630 | D:8      | Reached ***** piety under Okawaru
  8691 | D:9      | Noticed a two-headed ogre
  8700 | D:9      | Killed a two-headed ogre
  8701 | D:9      | Reached XP level 11. HP: 48/94 MP: 12/12
  8996 | D:9      | Found a staircase to the Orcish Mines.
  9126 | D:9      | Reached skill level 14 in Axes
  9177 | D:10     | Entered Level 10 of the Dungeon
  9207 | D:10     | Found a flagged portal.
  9231 | Bailey   | Entered a bailey
  9507 | D:10     | Received a gift from Okawaru
 10488 | Orc:1    | Entered Level 1 of the Orcish Mines
 10505 | Orc:1    | Noticed an orc knight
 10532 | Orc:1    | Slain by an orc knight

Illustrated notes

Levels and vault maps discovered:
D:1:      nzn_arrival_crosshair, layout_loops_ring
D:2:      layout_loops_corners, uniq_terence
D:3:      layout_loops_ring, gammafunk_temple_overflow_wave,
          gammafunk_ghost_mausoleum
D:4:      layout_basic, lemuel_doored_altar, gammafunk_ghost_mausoleum,
          uniq_ijyb
D:5:      layout_gridville, okawaru_metal_pillars_1_2, uniq_sigmund
D:6:      layout_basic, minmay_temple_entry_mist, serial_bayou_pond_c
D:7:      erik_cavepeople, layout_basic, uniq_crazy_yiuf_cottage, uniq_menkaure
D:8:      layout_loops_corners
D:9:      layout_loops_ring, orc_0_dummy
D:10:     layout_basic, enter_bailey_5
Orc:1:    layout_diamond_mine, serial_shops, shop, uniq_erolcha

Skill      XL: |  1  2  3  4  5  6  7  8  9 10 11 |
---------------+----------------------------------+-----
Fighting       | 4 5 7 8 9 |  9.0
Axes           | 4 5 7 9 10 12 13 14 | 14.0
Armour         | 4 5 6 7 8 |  8.6
Shields        | 4 5 6 7 8 9 |  9.3
Dodging        | 1 2 |  2.4
Invocations    | 2 |  2.1
Throwing       | 1 4 |  4.0

Action                   |  1- 3 |  4- 6 |  7- 9 | 10-12 || total
-------------------------+-------+-------+-------+-------++-------
Melee: War axe           |   110 |   178 |   254 |   336 ||   878
Throw: Boomerang         |       |       |     3 |    48 ||    51
Invok: Heroism           |       |       |       |     3 ||     3
  Use: Scroll            |       |     2 |     6 |     4 ||    12
       Potion            |       |       |       |     3 ||     3
Armor: Scale mail        |    36 |       |       |       ||    36
       Chain mail        |     6 |   119 |    91 |   115 ||   331
Dodge: Dodged            |    20 |    43 |    43 |    76 ||   182
Block: Kite shield       |    64 |   119 |   117 |   187 ||   487
